 Dungeon Crawl Stone Soup version 0.23-a0-344-ge122d05 (webtiles) character file.

56 BlueFish the Insei (level 3, 0/23 HPs)
             Began as an Octopode Transmuter on Oct 18, 2018.
             Slain by an orc wizard
             ... wielding a +0 dagger
              (2 damage)
             ... on level 2 of the Dungeon.
             The game lasted 00:02:25 (973 turns).

BlueFish the Insei (Octopode Transmuter)             Turns: 973, Time: 00:02:26

Health: 0/23       AC:  1    Str:  9 (10) XL:     3   Next: 95%
Magic:  6/6        EV: 13    Int: 14 (15) God:
Gold:   58         SH:  0    Dex: 11 (12) Spells: 6/7 levels left

rFire    . . .     SeeInvis .     - Unarmed
rCold    . . .     Gourm    .   (no shield)
rNeg     . . .     Faith    .   (helmet restricted)
rPois    .         Spirit   .   (no amulet)
rElec    .         Reflect  .   (no ring)
rCorr    .         Harm     .   (no ring)
MR       .....                  (no ring)
Stlth    ++........             (no ring)
HPRegen  0.07/turn              (no ring)
MPRegen  0.10/turn              (no ring)
                                (no ring)
                                (no ring)

@: hasted, very quick
A: almost no armour, stealthy swim, amphibious, 8 rings, constrict 8, camouflage
1, gelatinous body 1
a: no special abilities


You were on level 2 of the Dungeon.
You were not hungry.

You visited 1 branch of the dungeon, and saw 2 of its levels.

You collected 58 gold pieces.

Inventory:

Missiles
 a - 12 arrows
Potions
 g - a potion of brilliance
Comestibles
 b - 2 chunks of flesh
 c - 3 rations


   Skills:
 + Level 1.0 Fighting
 + Level 2.5 Dodging
 + Level 0.5 Stealth
 + Level 3.4 Unarmed Combat
 + Level 2.5 Spellcasting
 + Level 2.6 Transmutations


You had 6 spell levels left.
You knew the following spells:

 Your Spells              Type           Power        Failure   Level  Hunger
a - Beastly Appendage     Tmut           #.....       8%          1    #......

Your spell library contained the following spells:

 Spells                   Type           Power        Failure   Level  Hunger
 Sticks to Snakes         Tmut           #.......     12%         2    ###....
 Spider Form              Tmut/Pois      #.........   36%         3    ###....
 Ice Form                 Ice/Tmut       #.......     78%         4    #####..
 Blade Hands              Tmut           #.........   91%         5    ######.


Dungeon Overview and Level Annotations

Branches:
Dungeon (2/15)

Altars:


Innate Abilities, Weirdness & Mutations

You cannot wear most types of armour.
You are very stealthy in the water. (Stealth+)
You are amphibious.
You can wear up to eight rings at the same time.
You can use your tentacles to constrict eight enemies at once.
Your skin changes colour to match your surroundings (Stealth+).
Your rubbery body absorbs attacks. (AC +1, EV +1)


Message History

* * * LOW HITPOINT WARNING * * *
The orc wizard casts a spell at you.
The magic dart hits something.
Something hits you.
* * * LOW HITPOINT WARNING * * *
It was a potion of degeneration.
There was something very wrong with that liquid.
You feel weakened.
You feel dopey.
You feel clumsy.
You constrict the orc wizard. The orc wizard barely misses you.
Something hits you.
* * * LOW HITPOINT WARNING * * *
It was a potion of cancellation.
Your magical effects are unravelling.
You feel magically purged.
Your tentacle spike disappears.
You constrict the orc wizard.
You kill the orc wizard!
You feel your dexterity returning.
You feel yourself speed up. The orc wizard closely misses you.
Something hits you.
You die...

#............##..
#)####.รท.........
#.####...###.##.#
#........## .# #
#.####....# .#
#.........##
#.............
######.####....##.#
..........@o........
...........o.g.....
.####...####....##..
#...# #........
#...# ....## .....#
...# #.#.... ..#
....#. ..#


You could see an orc wizard, an orc and a goblin.

Vanquished Creatures
  An orc wizard (D:2)
  2 leopard geckos (D:1)
  An orc (D:2)
  3 bats
  A giant cockroach (D:2)
  3 goblins (D:1)
  3 hobgoblins (D:1)
  2 kobolds (D:1)
  3 frilled lizards
  4 rats
23 creatures vanquished.

Notes
Turn   | Place    | Note
-------+----------+-------------------------------------------
     0 | D:1      | BlueFish the Octopode Transmuter began the quest for the
                  | Orb.
     0 | D:1      | Reached XP level 1. HP: 13/13 MP: 3/3
   209 | D:1      | Reached XP level 2. HP: 6/18 MP: 3/5
   958 | D:2      | Reached XP level 3. HP: 23/23 MP: 4/6
   973 | D:2      | Slain by an orc wizard

Vault maps used:
D:1:      dpeg_arrival_central
D:2:      nemelex_altar_shiori, lemuel_blue_sif_altar, first_ration,
          uniq_crazy_yiuf_cottage

Action                   || total
-------------------------++-------
Melee: Unarmed           ||    49
       Constrict         ||    14
       Kick              ||    13
       Punch             ||     2
       Tentacles         ||     3
 Cast: Beastly Appendage ||    14
  Use: Scroll            ||     3
       Potion            ||     3
 Stab: Sleeping          ||     2
Armor: Skin              ||     6
Dodge: Dodged            ||    31

Table legend:
 A = Non-vault XP
 B = Vault XP
 C = Vault XP percentage of total XP
 D = Non-vault monster count
 E = Vault monster count
 F = Vault count percentage of total count
                 A         B        C        D         E       F
            +---------+---------+-------+---------+---------+-------
      Total |      80 |       0 |   0.0 |      23 |       0 |   0.0
            +---------+---------+-------+---------+---------+-------
        D:1 |      25 |       0 |   0.0 |      14 |       0 |   0.0
        D:2 |      55 |       0 |   0.0 |       9 |       0 |   0.0
            +---------+---------+-------+---------+---------+-------
